cohdb
Replays
Latest Replays
All Replays
Popular Replays
Top Player Replays
Match Explorer
How It Works
Community
CoH3 Stats
Reddit
Sign in to upload your games and track your stats! →
Sign in with Steam
Match 42473408
Unlisted
Match 42473408
Overview
Messages
Build Orders
End
Construct Infanterie Kompanie
MG 42 Machine Gun Team
Grenadier Squad
GrW 34 Mortar Team
Construct Panzergrenadier Kompanie
Panzergrenadier Squad
Support Elements
StuG III G Assault Gun
Selects Terror Battlegroup
Selects Heavy Gunnery
Selects Contempt for the Weak
Panzergrenadier Officer Quarters
Side Skirts
Pioneer Squad
StuG III G Assault Gun
冲就更有意义
金爷爷用石头击落美帝
为她摘下樱花
James Clever
Pikpirate
gUi
勇敢的心
BrBKitchen
0
0
Comments
sign in to comment!
No comments posted yet!